cohdb
Replays
Latest Replays
All Replays
Popular Replays
Top Player Replays
Match Explorer
How It Works
Community
CoH3 Stats
Reddit
Sign in to upload your games and track your stats! →
Sign in with Steam
Match 42851290
Unlisted
Match 42851290
Overview
Messages
Build Orders
End
Pioneer Squad
Construct Infanterie Kompanie
Selects Mechanized Battlegroup
MG 42 Machine Gun Team
Grenadier Squad
Grenadier Squad
MG 42 Machine Gun Team
Medical Station
Pioneer Squad
Selects Raid Package
Construct Luftwaffe Kompanie
MG 42 Machine Gun Team
221 Scout Car
Jäger Squad
Jäger Squad
Selects 8 Rad Armored Car
Pioneer Squad
Selects Mobile Repair Stations
Construct Panzer Kompanie
Panzer IV Medium Tank
Panzer IV Medium Tank
Selects Stoßtruppen Assault Package
Selects Zeroing Artillery Barrage
Panzer IV Medium Tank
Zeroing Artillery Barrage
jay
XuZhongwei
0
0
Comments
sign in to comment!
No comments posted yet!